 Dungeon Crawl Stone Soup version 0.26-a0-651-gb41185065b (webtiles) character file.

Game seed: 6566706257384328044

4788 Flugslaktarn the Cleaver (level 10, -9/96 HPs)
             Began as a Deep Dwarf Fighter on Oct 19, 2020.
             Was a Believer of Makhleb.
             Killed from afar by Erica (22 damage)
             ... with a bolt of poison
             ... on level 8 of the Dungeon.
             The game lasted 00:03:28 (4189 turns).

Flugslaktarn the Cleaver (Deep Dwarf Fighter)       Turns: 4189, Time: 00:03:29

Health: -9/96      AC: 19    Str: 20    XL:     10   Next: 24%
Magic:  5/5        EV:  9    Int:  9    God:    Makhleb [**....]
Gold:   61         SH: 10    Dex: 18    Spells: 9/9 levels left

rFire    . . .     SeeInvis .   a - +0 war axe
rCold    . . .     Faith    .   c - +0 kite shield
rNeg     . . .     Spirit   .   u - +0 chain mail
rPois    .         Reflect  .   o - +2 helmet
rElec    .         Harm     .   j - +1 cloak {rCorr}
rCorr    +         Rampage  .   k - +2 pair of gloves {Dex+3}
MR       +....                  (no boots)
Stlth    ..........             f - amulet of regeneration (curse)
HPRegen  0.00/turn              (no ring)
MPRegen  0.09/turn              (no ring)

@: lethally poisoned (-9 -> -35), non-regenerating
A: damage resistance, heal wounds, sense surroundings 2, no regeneration
a: Heal Wounds, Minor Destruction, Renounce Religion


You were on level 8 of the Dungeon.
You worshipped Makhleb.
Makhleb was pleased with you.
You visited 1 branch of the dungeon, and saw 8 of its levels.

You collected 361 gold pieces.
You spent 300 gold pieces at shops.

Inventory:

Hand Weapons
 a - a +0 war axe (weapon)
Armour
 c - a +0 kite shield (worn)
 j - a +1 cloak of preservation (worn)
   (You bought it in a shop on level 7 of the Dungeon)
 k - a +2 pair of gloves of dexterity (worn)
   (You bought it in a shop on level 7 of the Dungeon)
 o - a +2 helmet (worn)
   (You found it on level 5 of the Dungeon)
 u - a +0 chain mail (worn)
   (You took it off an orc on level 6 of the Dungeon)
Jewellery
 b - an uncursed ring of poison resistance {unknown}
   (You found it on level 7 of the Dungeon)
 f - a cursed amulet of regeneration (around neck)
   (You found it on level 1 of the Dungeon)
 l - an uncursed amulet of guardian spirit
   (You took it off an orc on level 7 of the Dungeon)
 s - an uncursed amulet of the acrobat {unknown}
   (You found it on level 2 of the Dungeon)
Scrolls
 i - a scroll of noise {unknown}
 m - a scroll of enchant weapon {unknown}
 p - a scroll of immolation
 t - 2 scrolls of teleportation
 v - a scroll of fog
 x - a scroll of remove curse
Potions
 d - a potion of might
 e - 2 potions of lignification
 g - a potion of berserk rage
 h - a potion of haste
 n - a potion of resistance
 q - a potion of mutation {unknown}
 r - a potion of curing {unknown}


   Skills:
 * Level 8.2 Fighting
 * Level 9.4 Axes
 + Level 7.2 Armour
 + Level 5.9 Dodging
 - Level 4.0 Shields
 + Level 5.2 Invocations


You had 9 spell levels left.
You didn't know any spells.
Your spell library was empty.

Dungeon Overview and Level Annotations

Branches:
Dungeon (8/15)             Temple (0/1) D:7            Lair (0/6) D:8

Altars:
Makhleb
Okawaru
Qazlal
Wu Jian
Xom
The Shining One

Shops:
D:7 [

Annotations:
D:4 2 transporters, 2 runed translucent doors, EnegeticOcto's ghost, weakling DDFi
D:5 1 runed translucent door, akrivosticles's ghost, amateur DrCj
D:7 2 transporters, p0werm0de's ghost, novice DDFi
D:8 Erica


Innate Abilities, Weirdness & Mutations

You are resistant to damage.
You can heal yourself by infusing magical energy.
You passively map the area around you.
You do not regenerate.


Message History

Erica completely misses you.
You completely miss Erica.
Erica is heavily wounded.
Erica casts a spell at you. The bolt of poison hits you!!!
You are more poisoned.
* * * LOW HITPOINT WARNING * * *
You hit Erica.
Erica is heavily wounded.
You feel very sick. Erica hits you but does no damage.
You are too injured to fight recklessly!
You closely miss Erica.
Erica is heavily wounded.
You feel very sick.
Erica laughs wildly.
Erica gestures at you while chanting. The bolt of poison hits you!!
You are lethally poisoned!
You die...

* , * ,* , , , ** .. *, *
** * , ..# * * , * ,, *#.#
* ,, ,** #.#######, ,, , ,*
#.##....# . , #.##....#
..., ,
,.########.##...@#..... ,
,..............@†...... ,
###.............#...... ,
#.<.............#......,,,*
#.#........#....# .....
#.#........#....# .....
##.####.##..####.# ,.... ,
#........#..# #.#* .... *
#.....P..#..# ..* , ,


You could see Erica.

Vanquished Creatures
  A two-headed ogre (D:8)
  An unseen horror (D:7)
  Sigmund (D:6)
  A yak (D:7)
  A vampire mosquito (D:7)
  An orc warrior (D:7)
  3 porcupines (D:8)
  Purgy (D:3)
  An eye of draining (D:7)
  5 ogres
  3 phantoms
  2 ice beasts
  2 centaurs
  2 crocodiles
  5 bullfrogs
  A wyvern skeleton (D:8)
  3 scorpions (D:8)
  4 wights (D:7)
  A howler monkey (D:7)
  A jelly (D:6)
  An iron imp (D:6)
  A gnoll shaman (D:5)
  3 centaur skeletons
  2 orc priests
  3 hounds
  2 iguanas (D:4)
  2 orc wizards (D:5)
  3 worker ants
  A hound skeleton (D:7)
  2 worker ant zombies (D:6)
  7 gnolls
  6 adders
  A shadow imp (D:7)
  2 white imps (D:7)
  4 ufetubi
  An ooze (D:7)
  2 worms
  3 leopard geckos
  12 orcs
  2 giant cockroaches
  A hobgoblin (D:2)
  2 jackals (D:4)
  2 kobolds
  3 quokkas
  A ball python (D:6)
  A frilled lizard (D:4)
  A goblin (D:2)
  A goblin skeleton (D:6)
  A goblin zombie (D:6)
  3 hobgoblin zombies (D:6)
  A kobold skeleton (D:6)
  A kobold zombie (D:6)
  A leopard gecko skeleton (D:4)
  3 orc skeletons (D:6)
  A quokka skeleton (D:8)
  5 rats
128 creatures vanquished.

Vanquished Creatures (others)
  13 fungi (D:8)
  14 plants (D:8)
27 creatures vanquished.

Grand Total: 155 creatures vanquished

Notes
Turn   | Place    | Note
-------+----------+-------------------------------------------
     0 | D:1      | Flugslaktarn the Deep Dwarf Fighter began the quest for the
                  | Orb.
     0 | D:1      | Reached XP level 1. HP: 20/20 MP: 1/1
    54 | D:2      | Found an iron altar of Okawaru.
   207 | D:2      | Reached XP level 2. HP: 17/27 MP: 2/2
   400 | D:3      | Noticed Purgy
   411 | D:3      | Killed Purgy
   411 | D:3      | Reached skill level 3 in Axes
   411 | D:3      | Reached XP level 3. HP: 12/34 MP: 3/3
   411 | D:3      | Reached XP level 4. HP: 14/42 MP: 4/4
   433 | D:4      | Reached XP level 5. HP: 33/50 MP: 5/5
   438 | D:4      | Found a transporter.
   465 | D:4      | Reached skill level 4 in Axes
   468 | D:4      | Noticed a phantom
   493 | D:4      | Killed a phantom
   493 | D:4      | Reached skill level 1 in Dodging
   493 | D:4      | Reached XP level 6. HP: 41/57 MP: 6/6
   633 | D:4      | Found a large runed translucent door.
   633 | D:4      | Found a large runed translucent door.
   634 | D:4      | Noticed EnegeticOcto's ghost (weakling DDFi)
   664 | D:4      | Reached skill level 5 in Axes
   664 | D:4      | Reached XP level 7. HP: 30/66 MP: 7/7
   668 | D:4      | Found a transporter.
   949 | D:5      | Entered Level 5 of the Dungeon
   966 | D:5      | Reached skill level 5 in Fighting
  1038 | D:5      | Reached skill level 5 in Armour
  1242 | D:5      | Found a runed translucent door.
  1242 | D:5      | Noticed akrivosticles's ghost (amateur DrCj)
  1356 | D:5      | Reached skill level 6 in Axes
  1710 | D:6      | Reached XP level 8. HP: 49/75 MP: 8/8
  1765 | D:6      | Found a glowing golden altar of the Shining One.
  1800 | D:6      | Noticed Sigmund
  1822 | D:6      | Killed Sigmund
  1964 | D:6      | Found a burning altar of Makhleb.
  1971 | D:6      | Found a shimmering altar of Xom.
  1972 | D:6      | Found a shimmering altar of Xom.
  1972 | D:6      | Found a shimmering altar of Xom.
  1972 | D:6      | Found a shimmering altar of Xom.
  1984 | D:6      | Became a worshipper of Makhleb the Destroyer
  1985 | D:6      | Found a shimmering altar of Xom.
  2072 | D:6      | Found a shimmering altar of Xom.
  2072 | D:6      | Found a shimmering altar of Xom.
  2233 | D:6      | Reached skill level 7 in Axes
  2623 | D:6      | Found an ornate altar of the Wu Jian Council.
  2734 | D:7      | Found a transporter.
  2765 | D:7      | Found Hintaoth's Antique Armour Shop.
  2773 | D:7      | Reached skill level 1 in Invocations
  2777 | D:7      | Bought a runed cloak for 150 gold pieces
  2777 | D:7      | Bought a pair of embroidered gloves for 150 gold pieces
  2988 | D:7      | Reached * piety under Makhleb
  3043 | D:7      | Gained mutation: You passively map the area around you.
                  | [Deep Dwarf growth]
  3043 | D:7      | Reached XP level 9. HP: 49/85 MP: 8/8
  3359 | D:7      | Killed an unseen horror
  3359 | D:7      | Reached skill level 8 in Axes
  3503 | D:7      | Reached skill level 5 in Dodging
  3552 | D:7      | Noticed a six-headed hydra
  3554 | D:7      | Found the +6 Majin-Bo {vamp, MP+6 Int+6}
  3590 | D:7      | Found a transporter.
  3595 | D:7      | Noticed p0werm0de's ghost (novice DDFi)
  3869 | D:7      | Found a staircase to the Ecumenical Temple.
  4075 | D:8      | Found a stormy altar of Qazlal.
  4083 | D:8      | Noticed a two-headed ogre
  4106 | D:8      | Killed a two-headed ogre
  4106 | D:8      | Reached skill level 9 in Axes
  4106 | D:8      | Reached XP level 10. HP: 69/96 MP: 5/5
  4131 | D:8      | Found a staircase to the Lair.
  4140 | D:8      | Reached ** piety under Makhleb
  4145 | D:8      | Reached skill level 5 in Invocations
  4168 | D:8      | Noticed Erica
  4189 | D:8      | Killed from afar by Erica

Illustrated notes

Levels and vault maps discovered:
D:1:      ncdulo_watergridlock, layout_basic
D:2:      minmay_chambers_of_ones, layout_loops_ring, okawaru_ov_weapons_minmay,
          chequers_temple_overflow_minitemple, chequers_ecumenical_altar_island
D:3:      layout_loops_cross, overflow_temple_1_default, minmay_starry_boxes,
          uniq_purgy
D:4:      gammafunk_cloud_chamber, layout_cave_pools,
          ebering_ghost_disaster_area
D:5:      layout_loops_corners, ebering_ghost_inner_flame
D:6:      layout_layer_cave, xom_redecorated, lemuel_crystal_altar,
          lemuel_coloured_pillars_altar, nicolae_tso_besieged_by_evil,
          uniq_sigmund
D:7:      minmay_the_grid_square_5x5_3x3 [minmay_the_grid_square_5x5_bracketed,
          minmay_the_grid_square_5x5_shrine2,
          minmay_the_grid_square_5x5_n_small, minmay_the_grid_square_5x5_plus,
          minmay_the_grid_square_5x5_megaprize_crossed,
          minmay_the_grid_square_5x5_c, minmay_the_grid_square_5x5_tie,
          minmay_the_grid_square_5x5_n, minmay_the_grid_square_5x5_minivault],
          layout_basic, minmay_temple_entry_statues_fountains,
          gammafunk_ghost_stat_death, serial_shops, shop
D:8:      layout_rooms, due_lair_maze_entry_diamond, grunt_qazlal_clouds,
          uniq_erica

Skill      XL: |  1  2  3  4  5  6  7  8  9 10 |
---------------+-------------------------------+-----
Fighting       | 3 4 5 6 7 8 |  8.2
Axes           | 3 4 5 6 7 9 |  9.4
Shields        | 4 |  4.0
Armour         | 4 5 6 7 |  7.2
Dodging        | 1 2 3 4 5 |  5.9
Invocations    | 2 4 5 |  5.2

Action                   |  1- 3 |  4- 6 |  7- 9 | 10-12 || total
-------------------------+-------+-------+-------+-------++-------
Melee: War axe           |    32 |    59 |   466 |    36 ||   593
 Abil: Heal Wounds       |       |     4 |    26 |     1 ||    31
  Use: Scroll            |       |       |    14 |       ||    14
       Potion            |       |       |     1 |       ||     1
Armor: Scale mail        |    19 |    22 |    56 |       ||    97
       Chain mail        |       |       |   324 |    24 ||   348
Dodge: Dodged            |     7 |    21 |   153 |    26 ||   207
Block: Kite shield       |    25 |    42 |   278 |    30 ||   375

Table legend: (Time is in decaauts)
 A = Elapsed time spent in this place.
 B = Non-inter-level travel time spent in this place.
 C = Inter-level travel time spent in this place.
 D = Time resting spent in this place.
 E = Time spent auto-exploring this place.
 F = Levels seen in this place.
 G = Mean time per level.
                   A        B        C        D        E       F      G
               +--------+--------+--------+--------+--------+-----+--------+
         Total |   4415 |   4176 |    239 |      0 |   2762 |   8 |  551.9 |
       Dungeon |   4415 |   4176 |    239 |      0 |   2762 |   8 |  551.9 |
               +--------+--------+--------+--------+--------+-----+--------+

Top non-repeatable levels by time:
     D:7: 1463 daAuts
     D:6: 1042 daAuts
     D:5: 782 daAuts
     D:4: 554 daAuts
     D:2: 340 daAuts
     D:8: 137 daAuts
     D:1: 71 daAuts
     D:3: 23 daAuts
